 Dungeon Crawl Stone Soup version 0.27-a0-887-gcab673c142 (webtiles) character file.

Game seed: 9398382763793043565

175424 Sikroth the Executioner (level 17, -5/160 HPs)
             Began as a Minotaur Berserker on Apr 4, 2021.
             Was the Champion of Trog.
             Slain by an emperor scorpion (8 damage)
             ... on level 4 of the Spider Nest on Apr 5, 2021.
             The game lasted 02:30:21 (27868 turns).

Sikroth the Executioner (Minotaur Berserker)       Turns: 27868, Time: 02:30:22

Health: -5/160     AC: 19    Str: 23 (26) XL:     17   Next: 47%
Magic:  0/16       EV: 21    Int:  4 (7)  God:    Trog [******]
Gold:   1538       SH:  0    Dex: 23 (25) Spells: 16/16 levels left

rFire    . . .     SeeInvis +   S - +6 executioner's axe (vorpal)
rCold    + + .     Faith    .   (shield currently unavailable)
rNeg     . . .     Spirit   .   p - +2 plate armour "Moecean" {Rampage rPois Dex+6 Stlth-}
rPois    +         Reflect  .   (helmet restricted)
rElec    +         Harm     .   (no cloak)
rCorr    .         Rampage  +   (no gloves)
Will     +....                  (no boots)
Stlth    ..........             q - amulet of Ururghext {Regen+ Int-3 Dex+9}
HPRegen  1.36/turn              w - +6 ring of intelligence
MPRegen  0.15/turn              V - ring "Xifith" {rElec rC++ EV+4 Dex-3 SInv}

@: lethally poisoned (-5 -> -26), slowed, lost intelligence, very slow
A: horns 2, retaliatory headbutt
a: Renounce Religion, Berserk, Trog's Hand, Brothers in Arms


You were on level 4 of the Spider Nest.
You worshipped Trog.
Trog was exalted by your worship.
You visited 5 branches of the dungeon, and saw 28 of its levels.

You collected 2711 gold pieces.
You spent 1173 gold pieces at shops.

Inventory:

Hand Weapons
 y - a +4 vorpal executioner's axe
 S - a +6 vorpal executioner's axe (weapon)
Missiles
 g - 2 atropa-tipped darts
 n - 7 throwing nets
 J - 11 curare-tipped darts
 N - 54 poisoned darts (quivered)
 T - 5 boomerangs of dispersal
Armour
 p - the +2 plate armour "Moecean" (worn) {Rampage rPois Dex+6 Stlth-}
   (You bought it in a shop on level 2 of the Orcish Mines)

   It affects your dexterity (+6).
   It protects you from poison.
   It bestows one free step when moving towards enemies.
   It makes you less stealthy.
 D - a +0 crystal plate armour
Jewellery
 a - a ring of protection from cold
 q - the amulet of Ururghext (around neck) {Regen+ Int-3 Dex+9}
   (You took it off a centaur on level 8 of the Dungeon)

   [amulet of regeneration]

   It affects your intelligence (-3).
   It affects your dexterity (+9).
   It increases your rate of health regeneration.
 w - a +6 ring of intelligence (left hand)
 x - a ring of willpower
 L - a +6 ring of strength
 V - the ring "Xifith" (right hand) {rElec rC++ EV+4 Dex-3 SInv}
   (You acquired it on level 13 of the Dungeon)

   [ring of evasion]

   It affects your evasion (+4).
   It affects your dexterity (-3).
   It greatly protects you from cold.
   It insulates you from electricity.
   It lets you see invisible.
 X - a ring of resist corrosion
Wands
 l - a wand of iceblast (48)
 t - a wand of flame (49)
 F - a wand of polymorph (33)
 H - a wand of paralysis (32)
 K - a wand of charming (16)
 O - a wand of random effects (11)
 Y - a wand of acid (9)
 Z - a wand of mindburst (35)
Scrolls
 b - 2 scrolls of acquirement
 c - 3 scrolls of enchant weapon
 d - 16 scrolls of teleportation
 e - 8 scrolls of identify
 h - 2 scrolls of blinking
 i - 2 scrolls of silence
 r - a scroll of holy word
 s - 5 scrolls of magic mapping
 u - a scroll of fog
 v - 6 scrolls of enchant armour
 C - a scroll of summoning
 R - 2 scrolls of fear
Potions
 f - 4 potions of heal wounds
 j - a potion of ambrosia
 m - 9 potions of curing
 z - 3 potions of cancellation
 A - a potion of resistance
 B - a potion of berserk rage
 E - 5 potions of lignification
 I - a potion of haste
 P - 6 potions of mutation
 Q - 4 potions of might
 W - 3 potions of flight
Miscellaneous
 k - a box of beasts
 o - a phial of floods
 M - a condenser vane


   Skills:
 + Level 16.8 Fighting
 * Level 23.6 Axes
 + Level 16.6 Armour
 + Level 15.4 Dodging


You had 16 spell levels left.
You didn't know any spells.
Your spell library was empty.

Dungeon Overview and Level Annotations

Branches:
Dungeon (15/15)            Temple (0/1) D:4            Lair (6/6) D:8
 Spider (4/4) Lair:4        Slime (0/5) Lair:5          Orc (2/2) D:10
    Elf (1/3) Orc:2        Vaults (0/5) D:14         Depths (0/5) D:15
  Swamp: Lair:2-4    Shoals: Lair:2-4

Altars:
Ashenzari
Cheibriados
Gozag
Hepliaklqana
Kikubaaqudgha
Nemelex Xobeh
Okawaru
Ru
Sif Muna
Trog
Uskayaw
Xom
Yredelemnul
Beogh

Shops:
D:7 *   Orc:2 *[[[


Innate Abilities, Weirdness & Mutations

You have a pair of horns on your head.
You reflexively headbutt those who attack you in melee.


Message History

* * * LOW HITPOINT WARNING * * *
The jumping spider misses you. The ghost moth closely misses you.
You furiously retaliate!
You headbutt the ghost moth, but do no damage.
The ghost moth hits you but does no damage.
The ghost moth completely misses you. The ghost moth stares at you.
The ghost moth hits you.
* * * LOW HITPOINT WARNING * * *
The ghost moth completely misses you.
The ghost moth stings you but does no damage.
The redback bites you but does no damage.
You almost manage to decipher the scroll, but fail in this attempt.
You recover from your berserk rage.
* * * LOW HITPOINT WARNING * * *
You feel extremely sick. The redback completely misses you.
You furiously retaliate!
You headbutt the redback! The jumping spider barely misses you.
You furiously retaliate!
You headbutt the jumping spider! The jumping spider closely misses you.
The ghost moth stares at you.
You feel your power leaking away. The ghost moth hits you!
* * * LOW HITPOINT WARNING * * *
You feel weakened. The ghost moth hits you.
* * * LOW HITPOINT WARNING * * *
The ghost moth stings you but does no damage.
The orb spider weaves a glowing orb of energy.
The redback bites you.
* * * LOW HITPOINT WARNING * * *
The ghost moth stares at you.
The ghost moth hits you but does no damage.
The ghost moth barely misses you. The ghost moth closely misses you.
The ghost moth completely misses you. You furiously retaliate!
You headbutt the ghost moth. The ghost moth hits you.
* * * LOW HITPOINT WARNING * * *
The ghost moth closely misses you. The redback barely misses you.
The emperor scorpion stings you!
You die...

#.^###...........^......
#^................#.....
#....^......^#.^........
##...#^.......)..#......
##.....<....^............
^<#..#...................
....^...†........#......#
....#..s.s...............
.......y@y....#†......^#.
.......ssy.s...^#†....^..
#.......s.*....^.........
..#....s.ss..†.#?#.^.....
..........^^.^......#..^.
..^.............#.^......
..#........#.......^#....
.......................#.
.................^#......


You could see 2 emperor scorpions, 3 ghost moths, 3 orb spiders, a jumping
spider, a tarantella and 2 redbacks.

Vanquished Creatures
  Frances (Spider:2)
  Kirke (Lair:4)
  Louise (Orc:2)
  5 ghost moths
  4 emperor scorpions
  A very ugly thing (D:13)
  A stone giant (D:15)
  2 entropy weavers
  A spark wasp (Spider:3)
  The ghost of Totusom the Carver, a journeyman MiFi of Yredelemnul (D:14)
  Josephine (D:10)
  Harold (Lair:2)
  7 boulder beetles
  Fannar (D:12)
  13 hydras
  A catoblepas (D:13)
  5 ogre magi
  Erica (D:11)
  9 centaur warriors
  A death knight (D:15)
  18 two-headed ogres
  4 death yaks (Lair:5)
  6 tengu warriors
  An orc high priest (Orc:2)
  Urug (D:14)
  4 skeletal warriors (D:13)
  A wizard (D:15)
  A deep elf zephyrmancer (Elf:1)
  A deep elf pyromancer (Elf:1)
  5 orc knights (D:14)
  An orc sorcerer (Orc:2)
  13 orb spiders
  4 ugly things
  2 manticores
  5 oklob plants
  7 cyclopes
  28 wolf spiders
  2 moths of wrath
  3 elephants (Lair:6)
  Maurice (D:11)
  26 cane toads
  4 torpor snails
  2 black mambas (Lair:6)
  3 gargoyles
  A rime drake (Lair:2)
  3 kobold demonologists
  10 demonic crawlers
  2 efreet
  11 komodo dragons
  A tengu conjurer (D:13)
  A freezing wraith (D:14)
  6 meliai
  A polar bear (Lair:6)
  32 jumping spiders
  2 hornets
  7 trolls
  Grinder (D:6)
  2 tyrant leeches (Lair:6)
  23 blink frogs
  10 slime creatures
  2 dream sheep (Lair:2)
  A polar bear (shapeshifter) (D:13)
  A centaur simulacrum (D:14)
  26 tarantellas
  84 redbacks
  A shadow (D:13)
  5 wraiths
  2 wyverns
  2 hogs (Lair:4)
  40 yaks
  A yak (shapeshifter) (D:14)
  4 basilisks
  16 vampire mosquitoes
  2 steam dragons
  16 humans (D:14)
  A warg (D:14)
  Edmund (D:6)
  2 acid dragons
  19 water moccasins
  Duvessa (D:5)
  6 black bears
  17 orc warriors
  3 sky beasts
  A necrophage (D:5)
  28 ogres
  6 wolves (Lair:1)
  10 centaurs
  A phantom (D:5)
  Blork the orc (D:6)
  4 kobold brigands
  29 bullfrogs
  3 gnoll sergeants
  7 scorpions
  A wyvern zombie (D:5)
  Dowan (D:5)
  An earth elemental (Elf:1)
  11 killer bees
  2 water moccasin skeletons (D:5)
  4 howler monkeys
  8 wights
  5 electric eels
  2 jellies (D:6)
  A bullfrog zombie (D:6)
  3 centaur zombies
  4 gnoll shamans
  A bullfrog skeleton (D:6)
  12 orc priests
  2 hounds (D:4)
  A centaur skeleton (D:5)
  Terence (D:2)
  2 iguanas
  15 orc wizards
  6 hell rats (Lair:4)
  2 killer bee zombies
  A mummy (D:4)
  A howler monkey zombie (D:8)
  53 gnolls
  4 adders
  2 river rats (Lair:2)
  2 white imps (D:8)
  4 ufetubi
  2 worms (D:2)
  46 orcs
  3 ball pythons
  4 endoplasms
  A giant cockroach (D:3)
  3 hobgoblins
  26 jackals
  15 kobolds
  2 quokkas
  9 bats
  3 frilled lizards (D:1)
  4 goblins
  7 rats
  2 bushes (Lair:6)
  2 plants
  2 toadstools (D:11)
940 creatures vanquished.

Vanquished Creatures (collateral kills)
  A wolf spider (Spider:4)
  A troll (Orc:2)
  A redback (Spider:4)
  A warg (Orc:2)
  An orc warrior (Orc:2)
  An ogre (Orc:2)
6 creatures vanquished.

Vanquished Creatures (others)
  A blink frog (Lair:4)
  2 redbacks (Spider:4)
  2 humans (Lair:4)
  57 fungi
  94 plants
  2 toadstools (D:11)
158 creatures vanquished.

Grand Total: 1104 creatures vanquished

Notes
Turn   | Place    | Note
-------+----------+-------------------------------------------
     0 | D:1      | Sikroth the Minotaur Berserker began the quest for the Orb.
     0 | D:1      | Reached XP level 1. HP: 19/19 MP: 0/0
   227 | D:1      | Reached XP level 2. HP: 26/27 MP: 1/1
   533 | D:1      | Reached skill level 4 in Axes
   953 | D:2      | Found a faded altar of an unknown god.
   986 | D:2      | Reached XP level 3. HP: 32/33 MP: 2/2
  1086 | D:2      | Noticed Terence
  1094 | D:2      | Killed Terence
  1384 | D:2      | You fall into a shaft and drop 2 floors!
  1392 | D:4      | Reached XP level 4. HP: 40/40 MP: 3/3
  1392 | D:4      | Reached ** piety under Trog
  1472 | D:4      | Noticed a scorpion
  1481 | D:4      | Killed a scorpion
  1482 | D:4      | Reached skill level 5 in Axes
  1482 | D:4      | Reached XP level 5. HP: 24/47 MP: 4/4
  3088 | D:4      | Found a snail-covered altar of Cheibriados.
  3094 | D:4      | Reached XP level 6. HP: 51/55 MP: 5/5
  3221 | D:4      | Reached skill level 5 in Fighting
  3228 | D:4      | Noticed a two-headed ogre
  3240 | D:4      | Killed a two-headed ogre
  3241 | D:4      | Reached skill level 7 in Axes
  3241 | D:4      | Reached skill level 5 in Armour
  3241 | D:4      | Reached XP level 7. HP: 20/63 MP: 6/6
  3953 | D:4      | Reached skill level 5 in Dodging
  3977 | D:4      | Reached XP level 8. HP: 70/70 MP: 7/7
  3983 | D:4      | Reached skill level 8 in Axes
  4661 | D:4      | Found a staircase to the Ecumenical Temple.
  4664 | D:4      | Reached *** piety under Trog
  4733 | D:4      | Noticed a cyclops
  4964 | D:4      | Killed a cyclops
  4965 | D:4      | Reached skill level 9 in Axes
  5739 | D:5      | Entered Level 5 of the Dungeon
  5739 | D:5      | Noticed Duvessa
  5739 | D:5      | Noticed Dowan
  5797 | D:5      | Reached XP level 9. HP: 56/79 MP: 8/8
  6016 | D:5      | Killed Duvessa
  6017 | D:5      | Reached skill level 10 in Axes
  6078 | D:5      | Killed Dowan
  6883 | D:6      | Found an iron altar of Okawaru.
  6951 | D:6      | Noticed Grinder
  6972 | D:6      | Killed Grinder
  7447 | D:6      | Reached skill level 11 in Axes
  7557 | D:6      | Noticed Blork the orc
  7563 | D:6      | Killed Blork the orc
  7582 | D:6      | Noticed Edmund
  7634 | D:6      | Killed Edmund
  7635 | D:6      | Reached XP level 10. HP: 33/90 MP: 9/9
  8239 | D:7      | Found the +3 pair of gauntlets of War {Slay+5}
  8360 | D:7      | Found Kajoumaneb's Assorted Antiques.
  8719 | D:7      | Found a hazy altar of Hepliaklqana.
  8748 | D:7      | Found a shimmering blue altar of Sif Muna.
  8779 | D:7      | Reached **** piety under Trog
  8995 | D:7      | Bought a shiny chain mail for 165 gold pieces
  9233 | D:8      | Found an ancient bone altar of Kikubaaqudgha.
  9638 | D:7      | Reached skill level 12 in Axes
  9729 | D:8      | Found a staircase to the Lair.
  9729 | D:8      | Identified the amulet of Ururghext {Regen+ Int-3 Dex+9}
  9868 | D:8      | Found a bloodstained altar of Trog.
  9877 | D:8      | Noticed a two-headed ogre
  9888 | D:8      | Killed a two-headed ogre
 10157 | D:8      | Noticed a cyclops
 10157 | D:8      | Noticed a cyclops
 10167 | D:8      | Killed a cyclops
 10168 | D:8      | Reached XP level 11. HP: 99/99 MP: 10/10
 10173 | D:8      | Reached skill level 13 in Axes
 10369 | D:8      | Found an opulent altar of Gozag.
 10425 | D:8      | Found a hide-covered altar of Uskayaw.
 10690 | D:9      | Reached skill level 10 in Fighting
 11086 | D:9      | Found a sparkling altar of Nemelex Xobeh.
 11220 | D:9      | Found a broken altar of Ashenzari.
 11283 | D:9      | Found a basalt altar of Yredelemnul.
 11907 | D:10     | Entered Level 10 of the Dungeon
 12007 | D:10     | Found a sacrificial altar of Ru.
 12120 | D:10     | Found a staircase to the Orcish Mines.
 12248 | D:10     | Noticed Josephine
 12256 | D:10     | Killed Josephine
 12257 | D:10     | Reached skill level 14 in Axes
 12257 | D:10     | Reached skill level 10 in Armour
 12874 | Orc:1    | Entered Level 1 of the Orcish Mines
 12917 | Orc:2    | Entered Level 2 of the Orcish Mines
 12923 | Orc:2    | Noticed an ogre mage
 12930 | Orc:2    | Noticed an ogre mage
 12931 | Orc:2    | Reached skill level 15 in Axes
 12931 | Orc:2    | Noticed a two-headed ogre
 12935 | Orc:2    | Noticed a two-headed ogre
 12935 | Orc:2    | Noticed an ogre mage
 12935 | Orc:2    | Noticed a two-headed ogre
 12935 | Orc:2    | Noticed a two-headed ogre
 12936 | Orc:2    | Noticed a two-headed ogre
 12936 | Orc:2    | Noticed a two-headed ogre
 12936 | Orc:2    | Noticed a two-headed ogre
 12936 | Orc:2    | Noticed a two-headed ogre
 12937 | Orc:2    | Noticed a two-headed ogre
 12938 | Orc:2    | Killed an ogre mage
 12940 | Orc:2    | Killed an ogre mage
 12940 | Orc:2    | Noticed an ogre mage
 12945 | Orc:2    | Killed a two-headed ogre
 12947 | Orc:2    | Killed a two-headed ogre
 12948 | Orc:2    | Reached skill level 16 in Axes
 12948 | Orc:2    | Reached skill level 10 in Dodging
 12948 | Orc:2    | Reached XP level 12. HP: 110/110 MP: 11/11
 12950 | Orc:2    | Killed a two-headed ogre
 12953 | Orc:2    | Noticed a two-headed ogre
 12954 | Orc:2    | Killed a two-headed ogre
 12954 | Orc:2    | Noticed an orc high priest
 12956 | Orc:2    | Killed a two-headed ogre
 12957 | Orc:2    | Killed a two-headed ogre
 12959 | Orc:2    | Reached ***** piety under Trog
 12960 | Orc:2    | Killed a two-headed ogre
 12960 | Orc:2    | Noticed a two-headed ogre
 12963 | Orc:2    | Reached skill level 17 in Axes
 12964 | Orc:2    | Killed a two-headed ogre
 12966 | Orc:2    | Killed a two-headed ogre
 13020 | Orc:2    | Noticed a two-headed ogre
 13025 | Orc:2    | Killed an ogre mage
 13028 | Orc:2    | Killed a two-headed ogre
 13032 | Orc:2    | Killed a two-headed ogre
 13033 | Orc:2    | Reached skill level 18 in Axes
 13039 | Orc:2    | Killed a two-headed ogre
 13134 | Orc:2    | Killed an ogre mage
 13142 | Orc:2    | Received a gift from Trog
 13219 | Orc:2    | Killed an orc high priest
 13233 | Orc:2    | Noticed a two-headed ogre
 13234 | Orc:2    | Found Luvuocw's Antique Armour Emporium.
 13234 | Orc:2    | Found Foups's Antique Armour Boutique.
 13236 | Orc:2    | Found Qexis's Antique Armour Boutique.
 13236 | Orc:2    | Found Kassap's General Store.
 13238 | Orc:2    | Killed a two-headed ogre
 13239 | Orc:2    | Reached XP level 13. HP: 98/118 MP: 12/12
 13333 | Orc:2    | Found a staircase to the Elven Halls.
 13395 | Orc:2    | Found a shimmering altar of Xom.
 13613 | Elf:1    | Entered Level 1 of the Elven Halls
 13614 | Elf:1    | Noticed Louise
 13636 | Orc:2    | Killed Louise
 14633 | Orc:2    | Bought a twisted plate armour for 1008 gold pieces
 14633 | Orc:2    | Identified the +2 plate armour "Moecean" {Rampage rPois
                  | Dex+6 Stlth-} (You bought it in a shop on level 2 of the
                  | Orcish Mines)
 14816 | D:11     | Noticed Maurice
 14822 | D:11     | Killed Maurice
 14896 | D:11     | Noticed Erica
 14905 | D:11     | Killed Erica
 15351 | D:12     | Noticed Fannar
 15375 | D:12     | Killed Fannar
 15376 | D:12     | Reached skill level 19 in Axes
 15442 | D:12     | You fall into a shaft and drop 1 floor!
 17047 | D:13     | Reached XP level 14. HP: 114/129 MP: 13/13
 17078 | D:13     | Noticed a white very ugly thing
 17392 | D:13     | Killed a white very ugly thing
 17690 | D:13     | Identified 2 scrolls of acquirement
 17690 | D:13     | Acquired the ring "Xifith" {rElec rC++ EV+4 Dex-3 SInv}
 17745 | D:14     | Found a runed translucent gate.
 17745 | D:14     | Found a runed translucent gate.
 17745 | D:14     | Found a runed translucent gate.
 17761 | D:14     | Reached skill level 20 in Axes
 17864 | D:14     | Noticed Totusom's ghost (journeyman MiFi)
 18038 | D:14     | Received a gift from Trog
 18304 | D:14     | Noticed Urug
 18310 | D:14     | Found a gate to the Vaults.
 18318 | D:14     | Killed Urug
 18931 | D:14     | Killed Totusom's ghost
 19078 | D:15     | Entered Level 15 of the Dungeon
 19780 | D:15     | Reached XP level 15. HP: 134/139 MP: 14/14
 19989 | D:15     | Found a staircase to the Depths.
 20182 | Lair:1   | Entered Level 1 of the Lair of Beasts
 20606 | Lair:1   | Reached skill level 21 in Axes
 20977 | Lair:2   | Noticed Harold
 20982 | Lair:2   | Killed Harold
 21849 | Lair:3   | You fall into a shaft and drop 3 floors!
 21849 | Lair:6   | Entered Level 6 of the Lair of Beasts
 21892 | Lair:6   | Reached ****** piety under Trog
 21927 | Lair:6   | Received a gift from Trog
 21999 | Lair:6   | Reached skill level 15 in Fighting
 22191 | Lair:6   | Reached skill level 15 in Armour
 23381 | Lair:5   | Found a staircase to the Slime Pits.
 23629 | Lair:4   | Reached XP level 16. HP: 149/149 MP: 15/15
 24016 | Lair:4   | Noticed Kirke
 24021 | Lair:4   | Killed Kirke
 24022 | Lair:4   | Reached skill level 22 in Axes
 24245 | Lair:4   | Found a hole to the Spider Nest.
 24606 | Spider:1 | Entered Level 1 of the Spider Nest
 24773 | Spider:1 | Received a gift from Trog
 25749 | Spider:2 | Noticed Frances
 25761 | Spider:2 | Killed Frances
 26662 | Spider:3 | Received a gift from Trog
 26736 | Spider:3 | Reached skill level 23 in Axes
 26786 | Spider:3 | Reached skill level 15 in Dodging
 26895 | Spider:3 | Reached XP level 17. HP: 159/159 MP: 16/16
 26991 | Spider:3 | Found a frozen archway.
 27348 | Spider:4 | Entered Level 4 of the Spider Nest
 27829 | Spider:4 | Received a gift from Trog
 27863 | Spider:4 | Lost intelligence.
 27868 | Spider:4 | HP: 7/160 [redback (3)]
 27868 | Spider:4 | HP: 3/160 [ghost moth (4)]
 27868 | Spider:4 | Slain by an emperor scorpion

Illustrated notes

Levels and vault maps discovered:
D:1:      minmay_arrival_diagonal_passages, layout_loops_ring
D:2:      layout_basic, chequers_ecumenical_altar_simple_redux,
          chequers_serial_rivers_room_b, chequers_serial_rivers_micro_c,
          minmay_pentomino_p2, uniq_terence
D:3:      layout_basic, serial_rivers, chequers_serial_rivers_micro_c,
          chequers_serial_rivers_room_a, chequers_serial_rivers_large_b,
          chequers_serial_rivers_micro_e, minivault_14
D:4:      lemuel_castle_with_subvaults [lemuel_castle_interior_original],
          layout_rooms, slow_altar_1, minmay_temple_entry_enclosed_plants,
          hangedman_decor_slide_cut
D:5:      layout_gridville, uniq_duvessa
D:6:      old_forge, layout_loops_ring, lemuel_round_altar, uniq_grinder,
          uniq_blork_the_orc, uniq_edmund
D:7:      layout_loops_cross, led_sif_pool, lemuel_crystal_altar, serial_shops,
          nicolae_shop_crystal, chequers_hall_statues_wall_a, hex_medium
D:8:      layout_rooms, trog_ov_bears_minmay, grunt_gozag_statues,
          lemuel_coloured_pillars_altar, general_overflow_altar,
          due_lair_maze_entry_diamond, minmay_manual_mandibuliform
D:9:      layout_stronghold, nemelex_spade_bored_becter,
          cheibrodos_ashenzari_chains, kennysheep_mini_moat
D:10:     layout_stronghold, nicolae_ru_awakened_eye, orc_0_dummy,
          minmay_misc_feat_chi, nrook_campfire, uniq_josephine
D:11:     layout_roguey, hangedman_decor_riveting, minmay_gold_behind_fungi,
          uniq_maurice, uniq_erica
D:12:     layout_loops_cross, serial_co_window_serial, co_window_paths_a,
          co_window_cross_1, co_window_corner_a, co_window_corner_a,
          co_window_paths_a, co_window_paths_b, co_window_corner_a,
          co_window_of_opportunity_b, co_window_of_opportunity_b,
          co_window_2corner, co_window_corner_ca, co_window_of_opportunity_b,
          co_window_broadway_c, co_window_broadway_a, glass_columns_c,
          glass_columns_b, glass_columns_b, glass_columns_a,
          chequers_serial_rivers_small_3, st_stairs_6, uniq_fannar
D:13:     minmay_clustersquares, layout_loops_ring, minmay_circle_x
D:14:     layout_loops_corners, david_vaults_3, minmay_misc_feat_rows,
          biasface_ghost_orc_armoury
D:15:     grunt_enter_depths_snipers, layout_basic, minmay_misc_feat_alley
Lair:1:   layout_regular_city
Lair:2:   layout_loops_ring, pond, uniq_harold
Lair:3:   layout_gridlike, elwin_shoals_entry_rooms, beast_lair_carwin_5,
          lemuel_fruit_tree, uniq_snorg, uniq_rupert
Lair:4:   layout_cave_pods, nicolae_spider_entry_tight_spaces,
          minmay_lair_oklob_chamber, grunt_megastairs_1, uniq_kirke
Lair:5:   layout_long_grid, minmay_slime_entry_oklob_enclosed,
          lemuel_fruit_fields
Lair:6:   minmay_lair_end_frog_pond, layout_gridlike
Spider:1: layout_spider_delve
Spider:2: layout_spider_delve, uniq_frances
Spider:3: layout_spider_delve, portal_ice_cave_entry_pillars_1
Spider:4: grunt_spider_rune_circles
Orc:1:    nicolae_orc_accident_1, layout_diamond_mine
Orc:2:    st_orc_ogre_mass, layout_caves, basic_altar
Elf:1:    minmay_elf_arrival_summoners, layout_rooms,
          hangedman_elven_crosses_minicolossus, drop_trap, uniq_louise

Skill      XL: |  1  2  3  4  5  6  7  8  9 10 11 12 13 14 15 16 |
---------------+-------------------------------------------------+-----
Axes           | 4 5 7 9 11 12 16 18 19 20 21 23 | 23.6
Fighting       | 4 6 7 8 9 11 12 13 14 15 16 | 16.8
Armour         | 3 5 6 8 9 10 11 13 14 15 16 | 16.6
Dodging        | 3 4 5 6 7 8 10 11 12 13 14 15 | 15.4

Action                   |  1- 3 |  4- 6 |  7- 9 | 10-12 | 13-15 | 16-18 || total
-------------------------+-------+-------+-------+-------+-------+-------++-------
Melee: Hand axe          |    66 |    85 |   311 |    35 |       |       ||   497
       Headbutt          |     7 |    14 |    70 |    83 |   190 |   107 ||   471
       War axe           |       |       |       |   280 |       |       ||   280
       Executioner's axe |       |       |       |     7 |   585 |   372 ||   964
Throw: Stone             |    29 |    54 |    42 |    21 |    17 |     6 ||   169
Invok: Berserk           |     2 |     1 |    11 |    11 |    15 |     5 ||    45
       Trog's Hand       |       |     1 |     8 |     8 |     7 |     6 ||    30
       Brothers in Arms  |       |       |       |     1 |     2 |     1 ||     4
Evoke: Wand              |       |       |       |       |     6 |       ||     6
  Use: Scroll            |       |     3 |       |     5 |     8 |    12 ||    28
       Potion            |       |       |     1 |     3 |     1 |     2 ||     7
 Stab: Petrifying        |       |       |       |       |     1 |       ||     1
       Distracted        |       |       |       |       |       |     1 ||     1
Armor: Ring mail         |    19 |     8 |       |       |       |       ||    27
       Scale mail        |       |    10 |    72 |    16 |       |       ||    98
       Chain mail        |       |       |       |   140 |    20 |       ||   160
       Plate armour      |       |       |       |       |   234 |   196 ||   430
Dodge: Dodged            |    37 |    40 |   151 |   211 |   576 |   556 ||  1571

Table legend: (Time is in decaauts)
 A = Elapsed time spent in this place.
 B = Non-inter-level travel time spent in this place.
 C = Inter-level travel time spent in this place.
 D = Time resting spent in this place.
 E = Time spent auto-exploring this place.
 F = Levels seen in this place.
 G = Mean time per level.
                   A        B        C        D        E       F      G
               +--------+--------+--------+--------+--------+-----+--------+
         Total |  28215 |  27132 |   1083 |   3385 |  16783 |  28 | 1007.7 |
       Dungeon |  18694 |  17954 |    740 |   2821 |  10649 |  15 | 1246.3 |
          Lair |   4480 |   4378 |    102 |     82 |   3524 |   6 |  746.7 |
   Spider Nest |   3236 |   3089 |    147 |    346 |   1855 |   4 |  809.0 |
  Orcish Mines |   1790 |   1697 |     93 |    135 |    755 |   2 |  895.0 |
   Elven Halls |     13 |     13 |      0 |      0 |      0 |   1 |   13.0 |
               +--------+--------+--------+--------+--------+-----+--------+

Top non-repeatable levels by time:
     D:4: 2873 daAuts
     D:6: 1631 daAuts
    D:12: 1593 daAuts
     D:3: 1365 daAuts
    D:14: 1352 daAuts
     D:9: 1300 daAuts
     D:7: 1158 daAuts
     D:8: 1127 daAuts
Spider:1: 1093 daAuts
   Orc:1: 1034 daAuts
    D:15: 1033 daAuts
    D:10: 1032 daAuts
  Lair:4: 1022 daAuts
     D:2: 1016 daAuts
    D:13: 994 daAuts
